 Dungeon Crawl Stone Soup version 0.14-a0-3445-g2afddda (webtiles) character file.

130 MrRokkomies the Ruinous (level 3, 0/21 HPs)
             Began as an Octopode Conjurer on Mar 23, 2014.
             Killed from afar by Sigmund (8 damage)
             ... with a puff of flame
             ... on Level 2 of the Dungeon.
             The game lasted 00:04:54 (1505 turns).

MrRokkomies the Ruinous (Octopode Conjurer)         Turns: 1505, Time: 00:04:54

HP   0/21        AC  1     Str  8      XL: 3   Next: 95%
MP   4/6         EV 12     Int 17      God:
Gold 74          SH  0     Dex 12      Spells:  2 memorised,  3 levels left

rFire  . . .     SeeInvis .     e - +0 mace
rCold  . . .     Clarity  .     (no shield)
rNeg   . . .     Conserve .     (helmet restricted)
rPois  .         rCorr    .     (no amulet)
rElec  .         rRot     .     a - +3,+4 ring of slaying
SustAb . .       Spirit   .     (no ring)
rMut   .         Warding  .     (no ring)
Saprov . . .     Stasis   .     (no ring)
MR     .....                    (no ring)
                                (no ring)
                                (no ring)
                                (no ring)

@: confused, very slightly contaminated, not resistant to hostile enchantments,
fairly stealthy
A: almost no armour, amphibious, 8 rings, constrict 8, camouflage 1, gelatinous
body 1
a: no special abilities


You were on level 2 of the Dungeon.
You were hungry.

You visited 1 branch of the dungeon, and saw 2 of its levels.

You collected 74 gold pieces.

Inventory:

Hand weapons
 e - a +0,+0 mace (weapon)
Missiles
 g - 4 javelins (quivered)
Comestibles
 b - a bread ration
 d - a choko
 i - a meat ration
 n - a snozzcumber
Scrolls
 h - 2 scrolls of identify
 j - a scroll of amnesia
 k - a scroll of enchant armour {unknown}
 l - a scroll of magic mapping
 p - a scroll of teleportation {unknown}
Jewellery
 a - a +3,+4 ring of slaying (left tentacle)
 m - an uncursed ring of fire
Books
 c - a book of Conjurations

   Spells                             Type                      Level
   *Magic Dart                        Conjuration                  1
   *Searing Ray                       Conjuration                  2
   Dazzling Spray                     Conjuration/Hexes            3
   Fulminant Prism                    Conjuration/Hexes            4
   Iskenderun's Mystic Blast          Conjuration                  4
   Iskenderun's Battlesphere          Conjuration/Charms           5


   Skills:
 * Level 2.5 Dodging
 - Level 2.6 Stealth
 - Level 2.0 Spellcasting
 + Level 5.1 Conjurations


You had 3 spell levels left.
You knew the following spells:

 Your Spells              Type           Power        Failure   Level  Hunger
a - Magic Dart            Conj           ###.         2%          1    #......
b - Searing Ray           Conj           ###...       3%          2    ###....


Dungeon Overview and Level Annotations

Branches:
Dungeon (2/15)

Altars:

Annotations:
D:2 Sigmund


Innate Abilities, Weirdness & Mutations

You cannot wear most types of armour.
You are amphibious.
You can wear up to eight rings at the same time.
You can use your tentacles to constrict many enemies at once.
Your skin changes colour to match your surroundings (Stlth).
Your rubbery body absorbs attacks (AC +1).


Message History

Aiming: Searing Ray
Press: ? - help, Shift-Dir - straight line, f - you, p - Sigmund
Okay, then.
Casting: Searing Ray
Confirm with . or Enter, or press ? or * to list all spells.
Aiming: Magic Dart
Press: ? - help, Shift-Dir - straight line, f/p - Sigmund
Aim: Sigmund, wielding a scythe, wearing a robe and carrying a wand of magic darts {zapped: 1} You miscast Magic Dart.
You are very lightly contaminated with residual magic.
Nothing appears to happen.
Sigmund casts a spell at you.
You are confused.
You aren't carrying any potions.
Sigmund gestures at you while chanting. The puff of flame hits you!
Ouch!
Sigmund points at you and mumbles some strange words.
The puff of flame hits you!
You die...

..........#
#.####
###.......#
#.# #
#.......#
#@# #
####.##.#
#.# #
#.##.# #.#
# ##.##.###
#.# #
#.).....#
#.# #
#.......#
#.# #
#.(.....#
#@# #
#.......#
#.# #
#.......#
#.# #
#.......#
#.# #
#.......#
#.# #
#.......#
#.# #
#########
#.# # #.#
## #.#


You could see Sigmund.

Vanquished Creatures
  2 adders (D:2)
  A worm (D:2)
  A ball python (D:1)
  7 bats
  2 giant cockroaches (D:1)
  3 goblins
  3 hobgoblins
  4 kobolds
  An ooze (D:1)
  6 rats
30 creatures vanquished.

Notes
Turn   | Place    | Note
--------------------------------------------------------------
     0 | D:1      | MrRokkomies, the Octopode Conjurer, began the quest for the Orb.
     0 | D:1      | Reached XP level 1. HP: 11/11 MP: 3/3
   136 | D:1      | Reached XP level 2. HP: 15/17 MP: 1/4
  1003 | D:2      | Learned a level 2 spell: Searing Ray
  1066 | D:2      | Reached XP level 3. HP: 21/21 MP: 0/6
  1243 | D:2      | Reached skill level 5 in Conjurations
  1397 | D:2      | Noticed Sigmund
  1505 | D:2      | Killed from afar by Sigmund

Action                   || total
-------------------------++-------
Melee: Mace              ||    29
Throw: Tomahawk          ||     5
       Javelin           ||     4
 Cast: Magic Dart        ||    35
  Use: Scroll            ||     6
       Potion            ||     2
 Stab: Sleeping          ||     1
